[ AOE2 MATCH · #506766593 ]
UnrankedPersians vs Khitans
Player's team · LOSS
Rival team · WIN
[ REPLAY ANALYSIS · EXTRACTED FROM THE RECORDED GAME ]
Feudal
—
Castle
—
Imperial
—
| APM avg | 54.4 |
| APM peak | 107 |
| eAPM avg | 13.6 |
| Villagers / military | 22 / 0 |
Focus
⚔️ 30.1% · 🌾 69.9%
Feudal
9:33
Castle
—
Imperial
—
| APM avg | 34.6 |
| APM peak | 57 |
| eAPM avg | 13.3 |
| Villagers / military | 17 / 2 |
Focus
⚔️ 30.9% · 🌾 69.1%
Militia ×2
Match map
Initial resources + every placement click. Lines = walls · curves = elevation contours. ◆ gold · ⬟ stone · ● berries · ✦ relic · ◌ wall gap
Your base
cesar_220988's base
Smoothed initial terrain · ◌ = detected wall gap · hover for details
Inputs per minute
— [GDL] especialista - - cesar_220988
Build order — [GDL] especialista
34 actions detected in the replay
| 0:00 | Queue | Villager (Male) |
| 0:01 | Queue | Villager (Male) |
| 0:02 | Build | House |
| 0:03 | Build | House |
| 0:25 | Queue | Villager (Male) |
| 0:25 | Queue | Villager (Male) |
| 0:45 | Queue | Villager (Male) |
| 1:34 | Queue | Villager (Male) |
| 1:34 | Queue | Villager (Male) |
| 2:12 | Build | Lumber Camp |
| 2:20 | Queue | Villager (Male) |
| 2:21 | Queue | Villager (Male) |
| 2:21 | Queue | Villager (Male) |
| 2:51 | Queue | Villager (Male) |
| 2:52 | Queue | Villager (Male) |
| 2:58 | Queue | Villager (Male) |
| 2:59 | Research | Loom |
| 3:28 | Queue | Villager (Male) |
| 3:35 | Build | House |
| 3:39 | Build | House |
| 4:39 | Queue | Villager (Male) |
| 5:30 | Queue | Villager (Male) |
| 5:33 | Queue | Villager (Male) |
| 5:34 | Queue | Villager (Male) |
| 5:51 | Queue | Villager (Male) |
| 6:05 | Build | House |
| 6:35 | Queue | Villager (Male) |
| 7:16 | Queue | Villager (Male) |
| 7:37 | Queue | Villager (Male) |
| 8:13 | Build | Mill |
| 8:52 | Build | Town Center |
| 9:01 | Build | House |
| 9:07 | Build | House |
| 9:19 | Build | Palisade Wall |
Build order — cesar_220988
31 actions detected in the replay
| 0:03 | Build | House |
| 0:05 | Build | House |
| 0:07 | Queue | Villager (Male) |
| 0:07 | Queue | Villager (Male) |
| 0:07 | Queue | Villager (Male) |
| 0:08 | Queue | Villager (Male) |
| 0:08 | Queue | Villager (Male) |
| 1:32 | Queue | Villager (Male) |
| 1:55 | Build | Lumber Camp |
| 1:57 | Build | House |
| 2:07 | Queue | Villager (Male) |
| 2:39 | Queue | Villager (Male) |
| 3:07 | Queue | Villager (Male) |
| 3:20 | Queue | Villager (Male) |
| 3:58 | Queue | Villager (Male) |
| 3:59 | Queue | Villager (Male) |
| 4:41 | Queue | Villager (Male) |
| 5:10 | Build | Barracks |
| 5:18 | Queue | Villager (Male) |
| 5:31 | Queue | Villager (Male) |
| 5:34 | Queue | Villager (Male) |
| 6:12 | Build | House |
| 6:24 | Queue | Villager (Male) |
| 6:24 | Research | Loom |
| 6:55 | Build | Mining Camp |
| 7:16 | Research | Feudal Age |
| 7:44 | Queue | Militia |
| 8:10 | Queue | Militia |
| 8:17 | Build | House |
| 8:26 | Build | House |
| 9:33 | Age | Feudal Age |
Match timeline
| 5:10 | cesar_220988 · first_building Barracks |
| 9:19 | [GDL] especialista · wall_segment Palisade Wall x1 |
| 9:33 | cesar_220988 · age_up feudal |
| 9:40 | [GDL] especialista · resign |
[ AI ANALYSIS · 1 CREDIT ]
What really happened in this match?
Wolo.gg analyzes every decision: build order, eco, micro, common mistakes by bracket. Personalized analysis on WhatsApp or Discord in 30 seconds.
Civ guide
Persians
Perfil
[GDL] especialista